 Dungeon Crawl Stone Soup version 0.17-a0-1446-gc28613e (webtiles) character file.

221 panicbit the Covered (level 5, -1/47 HPs)
             Began as a Minotaur Fighter on June 28, 2015.
             Was an Initiate of Okawaru.
             Killed by divine providence
             ... invoked by an orc priest
              (11 damage)
             ... on level 3 of the Dungeon.
             The game lasted 00:10:55 (2203 turns).

panicbit the Covered (Minotaur Fighter)             Turns: 2203, Time: 00:10:55

Health: -1/47      AC:  9    Str: 21    XL:     5   Next: 65%
Magic:  4/4        EV:  7    Int:  5    God:    Okawaru [......]
Gold:   116        SH: 10    Dex: 10    Spells: 0 memorised, 4 levels left

rFire  . . .     SeeInvis .     a - +0 war axe
rCold  . . .     Clarity  .     u - +0 chain mail
rNeg   . . .     SustAt   .     c - +0 shield
rPois  .         Gourm    .     (helmet restricted)
rElec  .         Spirit   .     (no cloak)
rCorr  .         Warding  .     (no gloves)
rMut   .         Stasis   .     (no boots)
MR     .....                    (no amulet)
Stlth  ..........               m - +1 ring of evasion
                                l - ring of flight

@: not resistant to hostile enchantments, extremely unstealthy
A: retaliatory headbutt, horns 2
a: Renounce Religion, Evoke Flight


You were on level 3 of the Dungeon.
You worshipped Okawaru.
Okawaru was noncommittal.
You were not hungry.

You visited 1 branch of the dungeon, and saw 3 of its levels.

You collected 116 gold pieces.

Inventory:

Hand weapons
 a - a +0 war axe (weapon)
Armour
 b - a +0 scale mail
 c - a +0 shield (worn)
 u - a +0 chain mail (worn)
Jewellery
 l - a ring of flight (left hand)
 m - a +1 ring of evasion (right hand)
 s - an uncursed amulet of warding {unknown}
Scrolls
 g - 2 scrolls of identify {unknown}
 h - 2 scrolls of remove curse {unknown}
 i - a scroll of magic mapping {unknown}
 k - a scroll of fear {unknown}
 o - 4 scrolls of amnesia {unknown}
 r - 3 scrolls of teleportation {unknown}
Potions
 d - a potion of might
 f - a potion of heal wounds {unknown}
 j - a potion of flight {unknown}
 n - 4 potions of curing {unknown}
 p - a potion of degeneration {unknown}
 v - a potion of magic {unknown}
 w - a potion of cancellation {unknown}
Comestibles
 e - 5 bread rations
 q - a meat ration
 t - 5 chunks of flesh


   Skills:
 + Level 4.6 Fighting
 + Level 3.7 Axes
 + Level 5.0 Armour
 + Level 1.6 Dodging
 + Level 0.1 Stealth
 + Level 5.0 Shields


You had 4 spell levels left.
You didn't know any spells.

Dungeon Overview and Level Annotations

Branches:
Dungeon (3/15)

Altars:
Dithmenos
Kikubaaqudgha
Okawaru


Innate Abilities, Weirdness & Mutations

You reflexively headbutt those who attack you in melee.
You have a pair of horns on your head.


Message History

The orc priest is almost dead.
The orc priest calls down the wrath of Beogh upon you.
Something smites you!
* * * LOW HITPOINT WARNING * * *
The orc priest mumbles some strange prayers to Beogh.
You feel a wave of unholy energy pass over you.
You closely miss the orc priest. You headbutt the orc priest.
You kill the orc priest!
Okawaru accepts your kill.
Your Armour skill increases to level 5!
Your Shields skill increases to level 5!
You block the orc's attack.
You barely miss the orc. Your headbutt misses the orc.
The orc closely misses you.
You slash the orc!
You kill the orc!
Okawaru accepts your kill.
The orc priest mumbles some strange prayers to Beogh against you.
Something smites you!
You die...

.# ###.# .# #.#
.# #.# .# #####
#.# .# ...# #.#
#####.###.#
##.##.........#
......###.#####
#...o)@..#
#.########


You could see an orc priest.

Vanquished Creatures
  An orc priest (D:3)
  2 orc wizards (D:3)
  3 adders
  An ooze (D:3)
  A worm (D:3)
  2 giant geckos
  15 orcs (D:3)
  2 giant cockroaches
  7 goblins
  10 hobgoblins
  6 jackals
  2 quokkas
  A ball python (D:3)
  9 bats
  2 giant newts
  11 kobolds
  5 rats
  3 bushes (D:2)
  A plant (D:2)
84 creatures vanquished.

Notes
Turn   | Place    | Note
--------------------------------------------------------------
     0 | D:1      | panicbit the Minotaur Fighter began the quest for the Orb.
     0 | D:1      | Reached XP level 1. HP: 19/19 MP: 0/0
   163 | D:1      | Reached skill level 4 in Shields
   163 | D:1      | Reached XP level 2. HP: 27/27 MP: 1/1
   607 | D:1      | Reached XP level 3. HP: 33/33 MP: 2/2
  1148 | D:2      | Found an ancient bone altar of Kikubaaqudgha.
  1368 | D:2      | Found an iron altar of Okawaru.
  1370 | D:2      | Found a shadowy altar of Dithmenos.
  1384 | D:2      | Became a worshipper of Warmaster Okawaru
  1681 | D:3      | Reached XP level 4. HP: 25/40 MP: 3/3
  1732 | D:3      | Reached skill level 1 in Dodging
  1817 | D:3      | Found a faded altar to an unknown god.
  1858 | D:3      | Reached XP level 5. HP: 38/47 MP: 4/4
  2201 | D:3      | Reached skill level 5 in Armour
  2201 | D:3      | Reached skill level 5 in Shields
  2203 | D:3      | Killed from afar by an orc priest

Vault maps used:
D:1:      dpeg_arrival_snail
D:2:      lemuel_crystal_altar, grunt_temple_overflow_open, serial_forest,
          infiniplex_forest_clump_small, infiniplex_forest_pool,
          infiniplex_forest_lined_room_2, infiniplex_forest_end_2,
          infiniplex_forest_corner_1
D:3:      lemuel_crystal_altar, lemuel_round_altar, ecumenical_altar_1

Action                   |  1- 3 |  4- 6 || total
-------------------------+-------+-------++-------
Melee: War axe           |   221 |    76 ||   297
  Eat: Chunk             |     2 |     1 ||     3
       Pizza             |     1 |       ||     1
